 Dungeon Crawl Stone Soup version 0.16.0-18-g484a79e (webtiles) character file.

30 McCoppin the Cudgeler (level 3, 0/19 HPs)
             Began as a Vine Stalker Chaos Knight on Mar 22, 2015.
             Slain by a rat (2 damage)
             ... on level 1 of the Dungeon.
             The game lasted 00:02:33 (513 turns).

McCoppin the Cudgeler (Vine Stalker Chaos Knight)    Turns: 513, Time: 00:02:34

Health: 0/19       AC:  5    Str: 15    XL:     3   Next: 18%
Magic:  0/4        EV: 11    Int: 12    God:    Xom [..*...]
Gold:   91         SH:  0    Dex: 13    Spells: 0 memorised, 2 levels left

rFire  x . .     SeeInvis .     a - +0 mace (chaos)
rCold  + . .     Clarity  .     b - +2 leather armour
rNeg   . . .     SustAb   .     (no shield)
rPois  .         Gourm    .     (no helmet)
rElec  .         Spirit   +     (no cloak)
rCorr  .         Warding  .     (no gloves)
rMut   .         Stasis   .     (no boots)
MR     .....                    (no amulet)
Stlth  +.........               (no ring)
                                d - ring of ice

@: glowing, not resistant to hostile enchantments, very unstealthy
A: fangs 2, regeneration 1, magic shield, antimagic bite, no device heal 3, rot
immunity
a: Renounce Religion


You were on level 1 of the Dungeon.
You worshipped Xom.
You were a toy of Xom.
You were not hungry.

You visited 1 branch of the dungeon, and saw 1 of its levels.

You collected 91 gold pieces.

Inventory:

Hand weapons
 a - a +0 mace of chaos (weapon)
Armour
 b - a +2 leather armour (worn)
Jewellery
 d - a ring of ice (left hand)
Scrolls
 e - a scroll of identify
 h - a scroll of recharging
Comestibles
 c - a bread ration
 g - a meat ration
 k - 5 fruits


   Skills:
 - Level 2.6 Fighting
 + Level 3.8 Maces & Flails
 - Level 1.5 Armour
 - Level 0.7 Dodging


You had 2 spell levels left.
You didn't know any spells.

Dungeon Overview and Level Annotations

Branches:
Dungeon (1/15)

Altars:


Innate Abilities, Weirdness & Mutations

You have extremely sharp teeth.
Your natural rate of healing is unusually fast.
When hurt, damage is shared between your health and your magic reserves.
Your bite disrupts and absorbs the magic of your enemies.
Potions and wands cannot restore your health.
You are immune to rotting.


Message History

You barely miss the jackal. Your bite misses the jackal.
The jackal is severely wounded.
The jackal bites you.
* * * LOW HITPOINT WARNING * * *
The giant cockroach barely misses you. The rat closely misses you.
The jackal bites you.
* * * LOW HITPOINT WARNING * * *
You hit the jackal. You freeze the jackal.
You kill the jackal!
The giant cockroach closely misses you. The rat bites you but does no damage.
The giant cockroach barely misses you. The rat bites you but does no damage.
You completely miss the rat. The rat closely misses you.
The giant cockroach bites you but does no damage.
The rat barely misses you.
You hit the giant cockroach.
The giant cockroach is almost dead.
The giant cockroach misses you. The rat completely misses you.
The rat bites you.
You die... "What!?
That's it?"

.#..#...#####....###
.#........#####....####
.............##....##.#####
..........................#
..........................#
####....##..........÷.....#
.# #.#÷...................#
.# #...()###'#######'###.##
.# ##.#..#..⌠..s@...⌠..#.###
.####.#..#....§rr......#...#
...##.##.'⌠...†###....⌠'...#
.#....#..#.....h§......#...#
.........#######'#######...#
#..##.##.#.............#...#
.........#.............#...#
.........#.............#...#
..#......###############...#


You could see a giant cockroach and 2 rats.

Vanquished Creatures
  A giant gecko (D:1)
  2 oozes (D:1)
  2 giant cockroaches (D:1)
  3 hobgoblins (D:1)
  3 jackals (D:1)
  4 kobolds (D:1)
  A ball python (D:1)
  3 bats (D:1)
  A giant newt (D:1)
  6 rats (D:1)
  A fungus (D:1)
27 creatures vanquished.

Notes
Turn   | Place    | Note
--------------------------------------------------------------
     0 | D:1      | McCoppin, the Vine Stalker Chaos Knight, began the quest for the Orb.
     0 | D:1      | Reached XP level 1. HP: 11/11 MP: 1/1
     1 | D:1      | Found a runed door.
    87 | D:1      | Reached skill level 3 in Maces & Flails
   140 | D:1      | Reached XP level 2. HP: 16/16 MP: 3/3
   305 | D:1      | XOM: silly message
   426 | D:1      | XOM: butterfly on damage
   434 | D:1      | XOM: silly message
   485 | D:1      | XOM: cast spell 'Confusing Touch'
   489 | D:1      | Reached XP level 3. HP: 14/19 MP: 2/4
   507 | D:1      | XOM: mild Chrm miscast
   508 | D:1      | XOM: harmless Fire miscast
   513 | D:1      | Slain by a rat

Action                   || total
-------------------------++-------
Melee: Mace              ||    83
  Use: Scroll            ||     3
       Potion            ||     1
